 Dungeon Crawl Stone Soup version 0.18-b1-22-ge198996 (webtiles) character file.

29 Chiseanne the Magician (level 3, 18/24 HPs)
             Began as a Demonspawn Wizard on May 4, 2016.
             Quit the game on level 1 of the Dungeon.
             The game lasted 00:01:19 (679 turns).

Chiseanne the Magician (Demonspawn Wizard)           Turns: 679, Time: 00:01:20

Health: 18/24      AC:  2    Str:  7    XL:     3   Next: 1%
Magic:  8/8        EV: 12    Int: 20    God:
Gold:   32         SH:  0    Dex: 11    Spells: 1 memorised, 8 levels left

rFire  . . .     SeeInvis .     k - +0 short sword
rCold  . . .     Gourm    .     a - +0 robe
rNeg   . . .     Faith    .     (no shield)
rPois  .         Spirit   .     b - +0 hat
rElec  .         Dismiss  .     (no cloak)
rCorr  .         Reflect  .     (no gloves)
SustAt .         Harm     .     (no boots)
MR     .....                    (no amulet)
Stlth  ++........               (no ring)
                                (no ring)

@: not resistant to hostile enchantments, unstealthy
A: demonic guardian 1, spiny 1
a: no special abilities


You were on level 1 of the Dungeon.
You were not hungry.

You visited 1 branch of the dungeon, and saw 1 of its levels.

You collected 32 gold pieces.

Inventory:

Hand Weapons
 k - a +0 short sword (weapon)
Missiles
 g - 13 stones (quivered)
Armour
 a - a +0 robe (worn)
 b - a +0 hat (worn)
Scrolls
 e - a scroll of amnesia {unknown}
 h - a scroll of fear {unknown}
 j - a scroll of blinking {unknown}
Books
 c - a book of Minor Magic

   Spells                             Type                      Level
   a - Magic Dart                     Conjuration                  1
   b - Blink                          Translocation                2
   c - Call Imp                       Summoning                    2
   d - Repel Missiles                 Charms/Air                   2
   e - Slow                           Hexes                        2
   f - Conjure Flame                  Conjuration/Fire             3
   g - Mephitic Cloud                 Conjuration/Poison/Air       3
Comestibles
 d - a bread ration
 i - a beef jerky
 l - a meat ration


   Skills:
 - Level 1.7 Dodging
 - Level 1.7 Stealth
 * Level 3.5 Spellcasting
 * Level 2.0 Conjurations
   Level 1.0 Summonings
   Level 0.8 Translocations


You had 8 spell levels left.
You knew the following spells:

 Your Spells              Type           Power        Failure   Level  Hunger
a - Magic Dart            Conj           ##..         10%         1    None


Dungeon Overview and Level Annotations

Branches:
Dungeon (1/15)

Altars:


Innate Abilities, Weirdness & Mutations

A weak demonic guardian rushes to your aid.
You are partially covered in sharp spines.


Message History

The jackal barely misses you.
You barely miss the jackal.
The jackal barks!
The jackal bites you.
You closely miss the jackal. The jackal completely misses you.
The jackal is struck by your spines. The jackal bites you.
The jackal barks!
You hit the jackal.
You kill the jackal!
You closely miss the jackal. The jackal closely misses you.
The jackal bites you but does no damage.
You closely miss the jackal. The jackal is struck by your spines.
You kill the jackal!
You have reached level 3!
Your experience leads to an increase in your attributes!
Increase (S)trength, (I)ntelligence, or (D)exterity?
You feel clever.
Your demonic ancestry asserts itself...
You feel the presence of a demonic guardian.
The jackal bites you.
Are you sure you want to abandon this character and quit the game? (Confirm with "yes".)

#.....# #.........♣♣♣.♣..
#......######..........♣♣♣..♣
#.......##..............♣♣♣♣.
#............................
#######......................
###.#..................
#.#..#...............
..##........#. ...#
...##@†......# .##
....#.h....... ..
.......!....... .#
.....##..$...... .. #.
#......... .. # #......... ..
##........ . #........ .


You could see a jackal.

Vanquished Creatures
  A gnoll (D:1)
  2 giant cockroaches (D:1)
  A goblin (D:1)
  2 hobgoblins (D:1)
  8 jackals (D:1)
  A bat (D:1)
  A kobold (D:1)
16 creatures vanquished.

Notes
Turn   | Place    | Note
--------------------------------------------------------------
     0 | D:1      | Chiseanne the Demonspawn Wizard began the quest for the Orb.
     0 | D:1      | Reached XP level 1. HP: 13/13 MP: 4/4
   311 | D:1      | Gained mutation: You are partially covered in sharp spines. [demonic ancestry]
   311 | D:1      | Reached XP level 2. HP: 19/19 MP: 0/6
   678 | D:1      | Gained mutation: A weak demonic guardian rushes to your aid. [demonic ancestry]
   678 | D:1      | Reached XP level 3. HP: 19/24 MP: 8/8
   679 | D:1      | Quit the game

Skill      XL: |  1  2 |
---------------+-------+-----
Conjurations   | 2 |  2.0
Dodging        | |  1.7
Stealth        | |  1.7
Spellcasting   | |  3.5
Summonings     | |  1.0
Translocations | |  0.8

Action                   || total
-------------------------++-------
Melee: Club              ||     2
       Short sword       ||    13
 Cast: Magic Dart        ||    29
Armor: Robe              ||     4
Dodge: Dodged            ||    14
